Map: Acropolis LE

Players

Mez

  • Race: Terran Terran
  • League: Master
  • Spawn Location: 5:00

A.I. 1 (Very Easy) - Winner!

  • Race: Protoss Protoss
  • Spawn Location: 11:00

VOD

Have the link to the VOD?

Description

Time

  • Played on: Aug. 9, 2019, 6:15 p.m.
  • Length: 9:35
Show
View Real Time Build Order
Export as new Build Order

Mez Terran 

Build Orders: Reaper Expand 

Get SALT Encoding   

  12  0:01  SCV  
  13  0:14  SCV  
  14  0:18  Supply Depot  
  14  0:26  SCV  
  15  0:39  SCV  
  15  0:40  Barracks  
  16  0:44  Refinery  
  16  0:51  SCV  
  17  1:04  SCV  
  18  1:16  SCV  
  19  1:29  Reaper, Orbital Command  
  20  1:40  Command Center  
  20  1:47  Bunker  
  20  1:55  SCV  
  20  2:00  Supply Depot  
  21  2:02  Barracks Reactor  
  21  2:08  SCV  
  22  2:20  SCV  
  23  2:33  Command Center  
  23  2:35  SCV  
  24  2:42  Factory  
  24  2:47  Marine  
  24  2:48  Marine  
  24  2:51  SCV  
  27  2:58  Orbital Command  
  27  3:03  SCV  
  28  3:05  Marine  
  28  3:06  Marine  
  28  3:12  Refinery  
  30  3:15  SCV  
  31  3:23  Marine  
  31  3:24  Marine  
  31  3:25  SCV  
  34  3:27  Widow Mine, SCV  
  37  3:34  Starport  
  37  3:37  SCV  
  37  3:40  SCV  
  39  3:42  Marine x2  
  41  3:49  Orbital Command  
  41  3:50  Widow Mine, SCV  
  41  3:54  SCV  
  45  3:58  Refinery  
  45  4:02  SCV, Marine x2  
  48  4:10  SCV  
  48  4:11  Starport Tech Lab  
  48  4:14  SCV  
  48  4:16  SCV  
  51  4:18  Supply Depot, Factory Tech Lab  
  51  4:20  Marine x2  
  51  4:22  SCV  
  54  4:29  SCV  
  54  4:30  Raven  
  57  4:33  SCV  
  57  4:34  SCV  
  57  4:37  Barracks  
  59  4:40  Siege Tank, Marine x2  
  59  4:42  SCV  
  59  4:45  SCV  
  66  4:46  SCV  
  66  4:47  Supply Depot  
  67  4:53  Barracks  
  67  4:55  Supply Depot  
  67  4:57  SCV x2  
  69  5:02  Refinery  
  69  5:08  Marine x2  
  69  5:10  Supply Depot  
  69  5:13  Siege Tank  
  74  5:17  SCV x2  
  74  5:19  SCV  
  77  5:22  Starport Reactor  
  77  5:29  SCV, Marine x2  
  77  5:30  Engineering Bay, SCV  
  77  5:31  Stimpack  
  77  5:32  Engineering Bay  
  77  5:33  SCV  
  82  5:37  Marauder  
  82  5:42  SCV  
  85  5:43  SCV, Barracks  
  85  5:44  Barracks  
  85  5:45  SCV  
  85  5:46  Supply Depot  
  87  5:52  Supply Depot  
  87  5:56  Factory Reactor  
  87  5:58  Marine x2, Marauder  
  87  5:59  Terran Infantry Armor Level 1, Terran Infantry Weapons Level 1  
  87  6:03  SCV x2  
  93  6:07  Medivac x2  
  97  6:13  Orbital Command  
  97  6:15  SCV, Combat Shield, Supply Depot x2  
  97  6:18  Marauder  
  100  6:25  SCV  
  101  6:27  SCV  
  101  6:28  Marine x2, Marauder  
  101  6:31  Barracks Tech Lab  
  101  6:32  Barracks Reactor  
  106  6:40  SCV x3  
  106  6:42  Marauder  
  106  6:44  Widow Mine  
  106  6:45  Widow Mine  
  115  6:50  Armory, Marauder  
  117  6:55  SCV x2  
  117  6:56  Refinery x2  
  117  6:57  Marauder, Supply Depot x2  
  117  6:58  Marine  
  122  7:01  SCV  
  122  7:03  Marauder  
  125  7:17  SCV, Medivac x2  
  125  7:21  Widow Mine x2  
  125  7:22  Marine x3, Marauder x2  
  139  7:23  Marine  
  139  7:24  Marauder  
  139  7:29  Supply Depot  
  144  7:30  Supply Depot  
  144  7:37  SCV x3  
  144  7:40  Marine x2  
  149  7:47  Supply Depot x2  
  149  7:50  Marine x2, Medivac x2  
  149  7:51  Marauder  
  157  7:52  Widow Mine x2, Marauder x2  
  157  7:56  Supply Depot  
  165  8:08  Marine x3  
  165  8:12  Marauder  
  170  8:14  Marauder x2, Supply Depot  
  170  8:18  Supply Depot  
  170  8:19  Marine  
  175  8:20  Widow Mine x2  
  175  8:23  Viking  
  175  8:24  Viking  
  183  8:33  Ghost Academy  
  183  8:34  Marauder  
  185  8:35  Marine x2, Marauder x2  
  185  8:36  Marine  
  185  8:37  Marine  
  193  8:45  Command Center  
  193  8:53  Widow Mine x2  
  193  8:54  Starport  
  193  8:55  Marauder  
  200  9:31  Barracks  
  200  9:32  Barracks  
  200  9:34  Starport  
Show
View Real Time Build Order
Export as new Build Order

A.I. 1 (Very Easy) Protoss - Winner!

Build Orders:  

Get SALT Encoding   

  12  0:00  Probe  
  13  0:13  Probe  
  14  0:19  Pylon  
  14  0:37  Assimilator  
  14  0:43  Gateway  
  14  0:45  Pylon  
  14  1:13  Assimilator  
  14  1:22  Zealot, Probe  
  14  1:30  Probe  
  17  1:33  Cybernetics Core  
  18  1:40  Probe  
  19  1:52  Probe  
  20  2:01  Probe  
  21  2:09  Probe, Warp Gate  
  22  2:44  Stalker  
  24  6:19  Probe  
  24  7:21  Probe  
  24  7:27  Adept, Pylon  
  24  7:28  Robotics Facility  
  24  7:29  Probe  
  27  7:32  Nexus  
  28  7:38  Probe  
  29  7:46  Probe  
  30  7:54  Probe  
  30  7:55  Pylon  
  27  8:06  Probe  
  27  8:14  Observer  
  28  8:25  Stalker  
  30  8:28  Observer  
  31  8:45  Probe  
  32  8:52  Probe  
  33  8:56  Assimilator  
  33  8:59  Assimilator, Probe  
  34  9:06  Probe  
  35  9:12  Observer  
  35  9:14  Probe  
  32  9:21  Probe  
  32  9:24  Zealot  
Tags
 
Add a new tag
Caveats
  • Supply blocks, unpowered buildings, or Contaminate may cause inaccurate times.
  • Supply counts are checked every 10 seconds.